AoeStats
← Im Noob

Arena

510307036Analyzed
4v4 RM · 18h ago on Sep 30, 2026· 53m 26s· 8 players
Game mode
Random Map
Map size
Large (8 player)
Population
200
Speed
Normal
Resources
Standard
Victory
Conquest
Starting age
Dark Age
Ending age
Imperial Age
RankedLock teamsTeams togetherTeam positionsShared explorationLock speedFull tech treeHidden civsTurbo modeCheats
Victory
Defeat
🇨🇳 Portuguese · China
1020
+15
🇩🇪 Danes · Germany
1016
+15
1014
+15
🇭🇺 Teutons · Hungary
992
+16
🇨🇳 Italians · China
1062
-18
🇨🇳 Poles · China
1002
-16
🇹🇼 Turks · Taiwan
956
-14
🇨🇳 Burgundians · China
944
-13
月がきれいですね
10:57 Feudal Age
14:31 Castle Age
12:25 Double-Bit Axe
12:33 Horse Collar
15:21 Bow Saw
15:29 Heavy Plow
21:00 Wheelbarrow
20:30 Loom
22:52 Hand Cart
22:58 Gold Mining
26:52 Forging
26:47 Scale Barding Armor
28:06 Iron Casting
30:06 Imperial Age
27:22 Town Watch
28:57 Chain Barding Armor
29:23 Masonry
29:28 Husbandry
30:10 Bloodlines
31:22 Blast Furnace
30:57 Plate Barding Armor
29:46 Cavalier
31:22 Gold Shaft Mining
30:40 Stone Mining
32:04 Two-Man Saw
31:37 Crop Rotation
31:55 Conscription
32:37 Savar
33:21 Fletching
34:17 Stone Shaft Mining
34:51 Architecture
35:23 Chemistry
41:35 Padded Archer Armor
44:01 Leather Archer Armor
44:22 Citadels
44:48 Hoardings
46:29 Ring Archer Armor
45:55 Bodkin Arrow
48:24 Coinage
50:13 Scale Mail Armor
50:45 Banking
50:55 Elite War Elephant
Hrakiir
10:08 Feudal Age
14:36 Castle Age
13:00 Horse Collar
14:00 Double-Bit Axe
22:40 Heavy Plow
23:51 Bow Saw
24:23 Wheelbarrow
23:48 Gold Mining
24:29 Stone Mining
29:06 Imperial Age
26:52 Hand Cart
30:11 Gold Shaft Mining
30:11 Stone Shaft Mining
29:54 Scale Mail Armor
30:04 Forging
30:45 Elite Varangian Guard
31:27 Squires
31:13 Gambesons
31:14 Arson
32:30 Chain Mail Armor
32:50 Iron Casting
33:08 Conscription
32:13 Hamask
32:15 Northmen's Fury
34:39 Plate Mail Armor
35:09 Blast Furnace
34:36 Onager
34:57 Pikeman
37:30 Halberdier
41:05 Siege Onager
忒瑞
10:01 Feudal Age
16:29 Castle Age
14:42 Double-Bit Axe
15:45 Horse Collar
16:58 Loom
21:02 Town Watch
24:41 Wheelbarrow
24:49 Bow Saw
25:50 Fortified Wall
25:48 Heavy Plow
30:19 Imperial Age
39:10 Stone Mining
39:13 Gold Mining
43:01 Stone Shaft Mining
43:39 Treadmill Crane
44:19 Ballistics
44:25 Ballistics
43:46 Treadmill Crane
44:51 Town Patrol
45:11 Hand Cart
45:14 Murder Holes
46:10 Coinage
47:16 Chemistry
47:47 Banking
48:07 Town Patrol
49:27 Bombard Tower
50:13 Conscription
50:06 Masonry
51:11 Fletching
52:27 Architecture
52:38 Bodkin Arrow
53:47 Bracer
PlayerSlayer12
12:57 Feudal Age
15:29 Horse Collar
16:06 Double-Bit Axe
19:00 Castle Age
18:40 Stone Mining
20:31 Heavy Plow
21:07 Loom
21:37 Bow Saw
25:50 Forging
26:59 Gold Mining
27:50 Scale Barding Armor
28:02 Bloodlines
32:18 Wheelbarrow
31:29 Town Watch
33:18 Iron Casting
32:44 Scale Mail Armor
36:33 Imperial Age
34:58 Elite Skirmisher
37:09 Masonry
37:06 Scale Mail Armor
37:00 Sappers
39:25 Hand Cart
39:11 Town Patrol
42:33 Hand Cart
42:19 Town Patrol
45:39 Two-Man Saw
45:39 Fletching
45:50 Padded Archer Armor
46:51 Blast Furnace
46:06 Chain Mail Armor
46:19 Bodkin Arrow
47:03 Elite Teutonic Knight
49:10 Leather Archer Armor
52:01 Conscription
52:20 Crop Rotation
52:45 Ring Archer Armor
sw恼火
12:09 Feudal Age
15:44 Castle Age
15:02 Horse Collar
15:09 Double-Bit Axe
21:45 Cavalier
25:08 Gold Mining
30:36 Gold Shaft Mining
37:03 Imperial Age
35:16 Forging
35:12 Scale Barding Armor
36:37 Iron Casting
36:46 Wheelbarrow
36:05 Loom
37:22 Squires
37:07 Arson
37:26 Scale Mail Armor
37:46 Chain Barding Armor
37:39 Bow Saw
37:31 Heavy Plow
37:48 Hand Cart
37:53 Pikeman
39:57 Blast Furnace
39:12 Chain Mail Armor
39:21 Chain Mail Armor
40:33 Plate Mail Armor
39:29 Halberdier
46:13 Two-Man Saw
46:46 Plate Barding Armor
46:48 Crop Rotation
46:52 Husbandry
48:58 Paladin
赢嘤嘤嘤嘤因
2:00 Loom
10:11 Feudal Age
14:16 Castle Age
13:03 Double-Bit Axe
13:02 Horse Collar
15:25 Bow Saw
21:06 Heavy Plow
23:06 Wheelbarrow
24:19 Hand Cart
25:42 Gold Mining
29:37 Imperial Age
28:08 Loom
29:38 Thumb Ring
28:54 Crossbowman
29:29 Fletching
29:40 Padded Archer Armor
29:48 Scale Barding Armor
29:44 Arbalester
31:13 Stone Mining
31:56 Crop Rotation
32:21 Ballistics
33:03 Chemistry
32:16 Fortified Wall
32:30 Forging
33:08 Stone Shaft Mining
34:35 Light Cavalry
35:25 Bloodlines
35:40 Winged Hussar
39:48 Hoardings
38:34 Elite Obuch
40:39 Chain Barding Armor
40:14 Bodkin Arrow
40:35 Leather Archer Armor
40:56 Iron Casting
52:26 Szlachta Privileges
52:42 Lechitic Legacy
52:26 Husbandry
51:46 Cavalier
Dark_Knight
10:39 Feudal Age
16:09 Castle Age
17:47 Loom
17:53 Loom
18:38 Town Watch
21:48 Imperial Age
19:38 Gold Mining
19:36 Loom
20:01 Padded Archer Armor
20:16 Double-Bit Axe
20:44 Loom
21:00 Fletching
22:06 Leather Archer Armor
22:11 Bow Saw
22:39 Leather Archer Armor
22:52 Town Watch
25:34 Fletching
28:34 Bodkin Arrow
30:15 Ring Archer Armor
35:58 Wheelbarrow
35:42 Masonry
37:02 Fortified Wall
38:36 Architecture
37:53 Crossbowman
39:21 Bracer
39:50 Ballistics
39:35 Stone Mining
Im Noob
10:03 Feudal Age
15:17 Castle Age
13:54 Double-Bit Axe
15:03 Wheelbarrow
15:26 Horse Collar
22:37 Heavy Plow
25:54 Hand Cart
26:14 Bow Saw
28:07 Loom
31:02 Imperial Age
29:30 Padded Archer Armor
29:20 Fletching
29:32 Scale Mail Armor
29:53 Ballistics
29:15 Treadmill Crane
29:31 Murder Holes
29:40 Stone Mining
29:41 Gold Mining
31:12 Stone Shaft Mining
30:55 Leather Archer Armor
31:44 Chain Mail Armor
31:25 Bodkin Arrow
32:04 Conscription
31:04 Elite Genoese Crossbowman
32:54 Chemistry
32:50 Ring Archer Armor
34:42 Silk Road
34:48 Bracer
35:19 Plate Mail Armor
38:26 Fortified Wall
38:31 Forging
38:35 Pirotechnia
38:47 Guilds
38:45 Caravan
50:00 Two-Man Saw
Connection lost

Rejoining the realm…

Still unreachable

The connection could not be restored.

Session expired

The server has moved on; the page needs a fresh start.